 Dungeon Crawl Stone Soup version 0.17-a0-2073-gde5cdba (webtiles) character file.

98 ololoev the Chopper (level 4, 0/41 HPs)
             Began as a Hill Orc Fighter on Oct 15, 2015.
             Slain by Yermak's ghost (1 damage)
             ... on level 4 of the Dungeon.
             The game lasted 00:02:43 (344 turns).

ololoev the Chopper (Hill Orc Fighter)               Turns: 344, Time: 00:02:44

Health: 0/41       AC:  9    Str: 24    XL:     4   Next: 69%
Magic:  4/4        EV:  5    Int:  8    God:
Gold:   39         SH:  9    Dex: 10    Spells: 0 memorised, 3 levels left

rFire  + . .     SeeInvis .     f - +0 broad axe
rCold  + . .     Clarity  .     k - +0 chain mail
rNeg   . . .     SustAt   .     c - +0 shield
rPois  +         Gourm    .     (no helmet)
rElec  +         Spirit   .     (no cloak)
rCorr  +         Warding  .     (no gloves)
rMut   .         Stasis   .     (no boots)
MR     .....                    (no amulet)
Stlth  ..........               (no ring)
                                (no ring)

@: mighty, resistant, drained, not resistant to hostile enchantments, extremely
unstealthy
A: no striking features
a: no special abilities

Inventory:

Hand Weapons
 f - a +0 broad axe (weapon)
Armour
 c - a +0 shield (worn)
 k - a +0 chain mail (worn)
Scrolls
 g - a scroll of teleportation {unknown}
 h - a scroll of enchant armour {unknown}
Potions
 a - a potion of resistance
 i - a potion of magic {unknown}
 j - a potion of lignification {unknown}
Comestibles
 e - a bread ration


   Skills:
 + Level 4.5(3.6) Fighting
 * Level 4.7(3.7) Axes
 + Level 4.1(3.1) Armour
 - Level 3.2(2.3) Shields


You had 3 spell levels left.
You didn't know any spells.


You were on level 4 of the Dungeon.
You were not hungry.

You visited 1 branch of the dungeon, and saw 4 of its levels.

You collected 39 gold pieces.

#########
#####........
#....†)......
#.###W######
#.# #.@...#
#.#######.#
#......#
######.# #.#
#.# #.# #.#
.# #.# #.#

Notes
Turn   | Place    | Note
--------------------------------------------------------------
     0 | D:1      | ololoev the Hill Orc Fighter began the quest for the Orb.
     0 | D:1      | Reached XP level 1. HP: 19/19 MP: 1/1
     3 | D:1      | Noticed an electric eel
     3 | D:1      | Noticed an electric eel
    93 | D:3      | Reached XP level 2. HP: 25/27 MP: 2/2
   183 | D:3      | Noticed Jessica
   198 | D:3      | Killed Jessica
   198 | D:3      | Reached skill level 4 in Fighting
   198 | D:3      | Reached XP level 3. HP: 33/33 MP: 3/3
   242 | D:4      | Reached XP level 4. HP: 32/41 MP: 4/4
   334 | D:4      | Noticed Yermak's ghost (novice OpAs)
   342 | D:4      | HP: 1/41 [orc priest/divine providence (15)]
   344 | D:4      | Slain by Yermak's ghost

Dungeon Overview and Level Annotations

Branches:
Dungeon (4/15)
 Temple: D:4-7

Altars:

Annotations:
D:4 Yermak's ghost, novice OpAs


Message History

Your chain mail prevents you from hitting the orc priest.
You hit the orc.
The orc is moderately wounded.
The orc hits you but does no damage.
You feel drained.
The orc priest calls down the wrath of Beogh upon you.
Pain shoots through your body!
Unknown command.
You barely miss the orc priest. You slash the orc!
You kill the orc!
The orc priest barely misses you.
Unknown command.
You slash Yermak's ghost!
Yermak's ghost is moderately damaged.
You hit the orc priest.
The orc priest is lightly wounded.
The orc priest hits you with a flail.
Yermak's ghost hits you but does no damage.
Unknown command.
You completely miss Yermak's ghost.
Yermak's ghost is moderately damaged.
You barely miss the orc priest.
The orc priest is lightly wounded.
The orc priest hits you with a flail. Yermak's ghost barely misses you.
You block Yermak's ghost's attack.
The orc priest invokes the aid of Beogh against you.
Something smites you!
The orc priest threatens, "By the altar or by the axe, you will meet Beogh!"
You slice Yermak's ghost!!
Yermak's ghost is severely damaged.
You barely miss the orc priest.
The orc priest is lightly wounded.
The orc priest shouts, "Join the one true god or die!"
Yermak's ghost hits you but does no damage.
The orc priest calls down the wrath of Beogh upon you.
Something smites you!
Drink which item? (? for menu, Esc to quit)
It was a potion of resistance.
You feel protected. Yermak's ghost hits you.
You die...

You could see Yermak's ghost.

Vanquished Creatures
  An orc priest (D:4)
  A worker ant (D:4)
  Jessica (D:3)
  An adder (D:3)
  An orc (D:4)
  A giant gecko (D:3)
  2 giant newts
  2 goblins
  A rat (D:3)
11 creatures vanquished.

Action                   |  1- 3 |  4- 6 || total
-------------------------+-------+-------++-------
Melee: War axe           |     8 |       ||     8
       Broad axe         |    19 |     9 ||    28
  Use: Potion            |       |     2 ||     2

Vault maps used:
D:1:      arrival_aquarium_b, serial_forest, infiniplex_forest_clump_double,
          infiniplex_forest_zigzag_2, infiniplex_forest_end_1,
          infiniplex_forest_lined_3_way, infiniplex_forest_end_3,
          infiniplex_forest_clump_small, infiniplex_forest_end_3,
          infiniplex_forest_straight_2, infiniplex_forest_lined_room_,
          minmay_misc_feat_encased
D:2:      okawaru_metal_pillars_1_2, first_bread
D:3:      nicolae_overflow_crystal_walls, lemuel_doored_altar,
          minmay_misc_feat_roman, kennysheep_another_room, goddamned_bats,
          uniq_jessica
D:4:      hangedman_abyss_or_decor_lesser_grid
